 Dungeon Sprint DCSS version 0.20.1-1-g8b1a95d (console) character file.

1739 bli the Blocker (level 9, -3/60 HPs)
             Began as a Gargoyle Fighter on Aug 15, 2017.
             Was a Follower of Uskayaw.
             Slain by a bullfrog (5 damage)
             ... in the Dungeon (Sprint IX: "|||||||||||||||||||||||||||||").
             The game lasted 00:12:13 (1457 turns).

bli the Blocker (Gargoyle Fighter)                  Turns: 1457, Time: 00:12:14

Health: -3/60      AC: 28    Str: 23    XL:     9   Next: 5%
Magic:  9/12       EV:  9    Int: 10    God:    Uskayaw [*.....]
Gold:   0          SH: 14    Dex: 14    Spells: 8/8 levels left

rFire    . . .     SeeInvis .   (no weapon)
rCold    . . .     Gourm    .   c - +0 shield
rNeg     + . .     Faith    .   j - +7 plate armour {ponderous}
rPois    ∞         Spirit   .   (no helmet)
rElec    +         Reflect  .   (no cloak)
rCorr    .         Harm     .   q - +0 pair of gloves
MR       .....     NoTele   +   (no boots)
Stlth    ..........             (no amulet)
Regen    0.2/turn               b - +3 ring of strength
MPRegen  0.2/turn               s - +3 ring of dexterity

@: berserk cooldown, hasted and slowed, slow
A: negative energy resistance 1, electricity resistance, unbreathing,
petrification resistance, rot immunity, AC +5
a: Stomp, Renounce Religion


You were in the Dungeon.
You worshipped Uskayaw.
Uskayaw was noncommittal.
You were not hungry.

You visited 1 branch

Inventory:

Hand Weapons
 a - a +2 dire flail of crushing
Armour
 c - a +0 shield (worn)
 j - a +7 plate armour of ponderousness (worn)
 q - a +0 pair of gloves (worn)
 r - a +2 ring mail
Jewellery
 b - a +3 ring of strength (left hand)
 s - a +3 ring of dexterity (right hand)
Wands
 p - a wand of iceblast (6/15)
Scrolls
 k - 4 scrolls of blinking
 l - a scroll of fog
 n - 4 scrolls of remove curse
 o - 2 scrolls of amnesia
 t - 4 scrolls of enchant armour
Potions
 d - a potion of haste
 e - 7 potions of curing
 g - a potion of berserk rage
 i - 4 potions of magic
 m - a potion of invisibility
Books
 h - a book of Conjurations

   Spells                             Type                      Level
   a - Magic Dart                     Conjuration                  1
   b - Searing Ray                    Conjuration                  2
   c - Dazzling Spray                 Conjuration/Hexes            3
   d - Fulminant Prism                Conjuration/Hexes            4
   e - Force Lance                    Conjuration/Translocation    4
   f - Iskenderun's Mystic Blast      Conjuration                  4


   Skills:
 + Level 8.9 Fighting
 + Level 5.9 Maces & Flails
 * Level 9.1 Armour
 + Level 4.2 Dodging
 + Level 14.9 Shields
 + Level 4.4 Invocations


You had 8 spell levels left.
You didn't know any spells.

Dungeon Overview and Level Annotations

Branches:
Dungeon (1/1)

Altars:
Cheibriados
Dithmenos
Elyvilon
Fedhas
Gozag
Hepliaklqana
Kikubaaqudgha
Makhleb
Nemelex Xobeh
Okawaru
Qazlal
Ru
Sif Muna
Trog
Uskayaw
Vehumet
Xom
Yredelemnul
Zin
The Shining One
Beogh
Jiyva
Lugonu


Innate Abilities, Weirdness & Mutations

You are resistant to torment.
Your stone body is resilient. (AC +5)
You are immune to poison.
You resist negative energy. (rN+)
You are resistant to electric shocks. (rElec)
You can survive without breathing.
You are immune to petrification.
You are immune to rotting.


Message History

The bullfrog is lightly wounded.
The bullfrog hits you but does no damage.
You block the bullfrog's attack.
You barely miss the bullfrog.
The bullfrog is lightly wounded.
You block the bullfrog's attack.
You're still recovering from your berserk rage.
Okay, then.
You eat the bread ration.
That bread ration really hit the spot!
You block the bullfrog's attack. The bullfrog barely misses you.
You hit the bullfrog.
The bullfrog is lightly wounded.
You block the bullfrog's attack.
You hit the bullfrog.
The bullfrog is moderately wounded.
The bullfrog closely misses you. You block the bullfrog's attack.
You closely miss the bullfrog.
The bullfrog is moderately wounded.
The bullfrog hits you.
You die...

▓▓▓▓▓▓▓
▓...▓<▓
▓.▓.▓.▓
▓H▓.▓.▓
▓H▓.▓.▓
▓Y▓†▓)▓
▓Y▓.▓.▓
▓F▓@▓.▓
▓l▓F▓.▓
▓.▓Y▓.▓
▓.▓Y▓.▓
▓.▓H▓'▓
▓.▓H▓)▓
▓F▓.▓.▓
▓.▓.▓.▓
▓l▓.▓.▓
▓.▓.▓.▓
▓.▓.▓'▓


You could see 2 hippogriffs, 2 yaks and a bullfrog.

Vanquished Creatures
  An ugly thing (D)
  A komodo dragon (D)
  A troll (D)
  A hippogriff (D)
  A water moccasin (D)
  An orc warrior (D)
  An ice beast (D)
  An ogre (D)
  A crocodile (D)
  2 centaurs (D)
  A howler monkey (D)
  2 hounds (D)
  A worker ant (D)
  A dart slug (D)
  A leopard gecko (D)
  An orc (D)
  A bat zombie (D)
  A goblin (D)
  A hobgoblin (D)
  A frilled lizard (D)
  A jackal zombie (D)
  A leopard gecko zombie (D)
24 creatures vanquished.

Vanquished Creatures (others)
  A howler monkey (D)
1 creature vanquished.

Grand Total: 25 creatures vanquished

Notes
Turn   | Place    | Note
-------+----------+-------------------------------------------
     0 | D        | bli the Gargoyle Fighter began the quest for the Orb.
     0 | D        | Reached XP level 1. HP: 14/14 MP: 1/1
     8 | D        | Reached skill level 4 in Shields
    21 | D        | Reached XP level 2. HP: 12/20 MP: 2/2
   164 | D        | Reached skill level 5 in Fighting
   164 | D        | Reached skill level 5 in Shields
   164 | D        | Reached XP level 3. HP: 19/26 MP: 3/3
   171 | D        | Reached skill level 6 in Shields
   171 | D        | Reached XP level 4. HP: 19/32 MP: 4/4
   300 | D        | Found a roughly hewn altar of Beogh.
   300 | D        | Found a snail-covered altar of Cheibriados.
   300 | D        | Found a shadowy altar of Dithmenos.
   300 | D        | Found a white marble altar of Elyvilon.
   300 | D        | Found a blossoming altar of Fedhas.
   300 | D        | Found an opulent altar of Gozag.
   301 | D        | Found a hazy altar of Hepliaklqana.
   302 | D        | Found a viscous altar of Jiyva.
   303 | D        | Found an ancient bone altar of Kikubaaqudgha.
   304 | D        | Found a corrupted altar of Lugonu.
   305 | D        | Found a burning altar of Makhleb.
   306 | D        | Found a sparkling altar of Nemelex Xobeh.
   307 | D        | Found an iron altar of Okawaru.
   308 | D        | Found a stormy altar of Qazlal.
   309 | D        | Found a sacrificial altar of Ru.
   310 | D        | Found a deep blue altar of Sif Muna.
   311 | D        | Found a bloodstained altar of Trog.
   312 | D        | Found a hide-covered altar of Uskayaw.
   313 | D        | Found a radiant altar of Vehumet.
   315 | D        | Found a shimmering altar of Xom.
   316 | D        | Found a basalt altar of Yredelemnul.
   317 | D        | Found a glowing silver altar of Zin.
   318 | D        | Found a glowing golden altar of the Shining One.
   320 | D        | Became a worshipper of Uskayaw the Reveler
   367 | D        | Noticed a centaur
   367 | D        | Noticed a centaur
   367 | D        | Noticed an orc warrior
   367 | D        | Noticed an ogre
   389 | D        | Reached * piety under Uskayaw
   394 | D        | Reached ** piety under Uskayaw
   410 | D        | Killed a centaur
   410 | D        | Reached skill level 5 in Armour
   410 | D        | Reached skill level 1 in Dodging
   410 | D        | Reached skill level 7 in Shields
   410 | D        | Reached XP level 5. HP: 11/37 MP: 2/5
   422 | D        | HP: 1/37 [centaur (4)]
   444 | D        | Killed a centaur
   444 | D        | Reached skill level 5 in Maces & Flails
   444 | D        | Reached skill level 8 in Shields
   444 | D        | Reached XP level 6. HP: 15/42 MP: 2/6
   460 | D        | Killed an orc warrior
   460 | D        | Reached skill level 9 in Shields
   460 | D        | Reached *** piety under Uskayaw
   464 | D        | Reached **** piety under Uskayaw
   465 | D        | Reached skill level 10 in Shields
   469 | D        | Reached ***** piety under Uskayaw
   479 | D        | Reached XP level 7. HP: 6/48 MP: 5/7
   739 | D        | Noticed a hippogriff
   739 | D        | Noticed a green ugly thing
   739 | D        | Noticed a troll
   767 | D        | Reached skill level 1 in Invocations
   813 | D        | Reached skill level 11 in Shields
   823 | D        | Killed a hippogriff
   823 | D        | Reached skill level 12 in Shields
   831 | D        | Killed a troll
   831 | D        | Reached XP level 8. HP: 5/55 MP: 0/10
   839 | D        | Killed a green ugly thing
   839 | D        | Reached skill level 13 in Shields
  1244 | D        | Noticed a komodo dragon
  1244 | D        | Noticed a hippogriff
  1244 | D        | Noticed a hippogriff
  1244 | D        | Noticed a yak
  1247 | D        | Noticed a yak
  1325 | D        | Reached skill level 14 in Shields
  1424 | D        | HP: 2/84 [komodo dragon (6)]
  1430 | D        | Killed a komodo dragon
  1430 | D        | Reached XP level 9. HP: 3/60 MP: 12/12
  1431 | D        | HP: 1/90 [hippogriff (2)]
  1450 | D        | HP: 1/60 [bullfrog (3)]
  1457 | D        | Slain by a bullfrog

Skill      XL: |  1  2  3  4  5  6  7  8 |
---------------+-------------------------+-----
Shields        | 4 5 6 7 8 10 12 14 | 14.9
Fighting       | 4 5 6 7 8 |  8.9
Armour         | 4 5 6 7 8 9 |  9.1
Maces & Flails | 3 4 5 |  5.9
Dodging        | 1 2 3 4 |  4.2
Invocations    | 3 4 |  4.4

Action                   |  1- 3 |  4- 6 |  7- 9 || total
-------------------------+-------+-------+-------++-------
Melee: Flail             |    35 |     3 |       ||    38
       Unarmed           |       |   101 |   269 ||   370
Invok: Stomp             |       |     2 |     1 ||     3
       Line Pass         |       |       |     4 ||     4
Evoke: Wand              |       |       |     1 ||     1
  Use: Potion            |       |     3 |     5 ||     8
 Stab: Paralysed         |       |     2 |     3 ||     5
  Eat: Chunk             |       |       |     2 ||     2
       Bread ration      |       |       |     1 ||     1
Armor: Scale mail        |    14 |     2 |       ||    16
       Ring mail         |       |    33 |    39 ||    72
       Plate armour      |       |       |    61 ||    61
Dodge: Dodged            |    11 |    32 |    63 ||   106
Block: Shield            |    15 |    53 |   178 ||   246
